 Dungeon Crawl Stone Soup version 0.20-a0-537-g052e6ba (webtiles) character file.

30 M4edhros the Grave Robber (level 3, 0/21 HPs)
             Began as an Octopode Necromancer on Jan 28, 2017.
             Slain by Crazy Yiuf
             ... wielding a +2 quarterstaff of chaos
              (1 damage)
             ... on level 3 of the Dungeon.
             The game lasted 00:03:07 (566 turns).

M4edhros the Grave Robber (Octopode Necromancer)     Turns: 566, Time: 00:03:10

Health: 0/21       AC:  1    Str:  4 (7)  XL:     3   Next: 20%
Magic:  3/6        EV: 13    Int: 16 (17) God:
Gold:   20         SH:  0    Dex: 12 (13) Spells: 1/6 levels left

rFire    . . .     SeeInvis .   d - +0 hunting sling
rCold    . . .     Gourm    .   (no shield)
rNeg     . . .     Faith    .   (helmet restricted)
rPois    .         Spirit   .   k - amulet of magic regeneration
rElec    .         Reflect  .   (no ring)
rCorr    .         Harm     .   (no ring)
MR       .....                  (no ring)
Stlth    +++.......             (no ring)
Regen    0.1/turn               (no ring)
                                (no ring)
                                (no ring)
                                (no ring)

@: very slightly contaminated
A: almost no armour, stealthy swim, amphibious, 8 rings, constrict 8, camouflage
1, gelatinous body 1
a: no special abilities


You were on level 3 of the Dungeon.
You were not hungry.

You visited 1 branch of the dungeon, and saw 3 of its levels.

You collected 20 gold pieces.

Inventory:

Hand Weapons
 d - a +0 hunting sling (weapon)
 o - a +0 dagger
Missiles
 e - 23 sling bullets (quivered)
 i - 19 stones
Jewellery
 k - an amulet of magic regeneration (around mantle)
Scrolls
 g - a scroll of magic mapping {unknown}
 m - a scroll of remove curse {unknown}
 q - a scroll of blinking {unknown}
Potions
 c - a potion of curing {unknown}
 l - a potion of brilliance {unknown}
 p - a potion of agility {unknown}
 r - a potion of mutation {unknown}
Books
 a - a book of Necromancy

   Spells                             Type                      Level
   a - Pain                           Necromancy                   1
   b - Animate Skeleton               Necromancy                   1
   c - Vampiric Draining              Necromancy                   3
   d - Regeneration                   Charms/Necromancy            3
   e - Animate Dead                   Necromancy                   4
   f - Control Undead                 Necromancy                   4
Comestibles
 b - 3 bread rations
 f - a royal jelly
 h - 2 chunks of flesh
 n - a meat ration


   Skills:
 - Level 2.0 Dodging
 - Level 2.6 Stealth
 + Level 2.7 Unarmed Combat
 - Level 2.0 Spellcasting
 - Level 4.0 Necromancy


You had one spell level left.
You knew the following spells:

 Your Spells              Type           Power        Failure   Level  Hunger
a - Pain                  Necr           ##..         4%          1    #......
b - Animate Skeleton      Necr           N/A          4%          1    #......
c - Regeneration          Chrm/Necr      #.........   28%         3    ###....


Dungeon Overview and Level Annotations

Branches:
Dungeon (3/15)

Altars:
Ashenzari

Annotations:
D:3 Crazy Yiuf


Innate Abilities, Weirdness & Mutations

You cannot wear most types of armour.
You are very stealthy in the water. (Stealth+)
You are amphibious.
You can wear up to eight rings at the same time.
You can use your tentacles to constrict eight enemies at once.
Your skin changes colour to match your surroundings (Stealth+).
Your rubbery body absorbs attacks. (AC +1, EV +1)


Message History

Casting: Regeneration
Confirm with . or Enter, or press ? or * to list all spells.
You miscast Regeneration.
You are very lightly contaminated with residual magic.
You smell decay.
Crazy Yiuf cries, "Two!"
Crazy Yiuf says, "Tosser water action!"
Crazy Yiuf hits you with a quarterstaff of chaos.
Crazy Yiuf burns you.
Crazy Yiuf says, "Trifle!"
Crazy Yiuf yells, "Snoogle!
Mama blue song."
Crazy Yiuf glowers.
Found an escape hatch in the floor.
Casting: Regeneration
Confirm with . or Enter, or press ? or * to list all spells.
You miscast Regeneration.
You feel numb.
Crazy Yiuf hits you with a quarterstaff of chaos!
* * * LOW HITPOINT WARNING * * *
Crazy Yiuf freezes you.
You die...

....#....## ###.()#
........P.####)'..(#
...........#..##.))#
.....#..P.#.### ###
.....########
._...## ......#
......#############
#####........l.g@.#
#############..>....
#.....# .##### #


You could see Crazy Yiuf and a frilled lizard.

Vanquished Creatures
  An adder (D:2)
  A leopard gecko (D:2)
  An orc (D:3)
  2 bats
  2 giant cockroaches
  4 hobgoblins
  3 jackals (D:2)
  2 frilled lizards
  2 kobolds
  A rat (D:3)
19 creatures vanquished.

Notes
Turn   | Place    | Note
-------+----------+-------------------------------------------
     0 | D:1      | M4edhros the Octopode Necromancer began the quest for the Orb.
     0 | D:1      | Reached XP level 1. HP: 11/11 MP: 3/3
    61 | D:1      | Reached skill level 1 in Unarmed Combat
    65 | D:1      | Learned a level 1 spell: Animate Skeleton
   170 | D:1      | Reached XP level 2. HP: 10/17 MP: 0/5
   364 | D:2      | Reached XP level 3. HP: 8/21 MP: 1/6
   369 | D:2      | Learned a level 3 spell: Regeneration
   433 | D:3      | Found a shattered altar of Ashenzari.
   502 | D:3      | Found a runed door.
   506 | D:3      | Noticed Crazy Yiuf
   566 | D:3      | HP: 1/21 [Crazy Yiuf/quarterstaff of chaos (7)]
   566 | D:3      | Slain by Crazy Yiuf

Vault maps used:
D:1:      tarquinn_simple_flora_water_e, bh_walls_and_bars
D:2:      uniq_jessica, uniq_natasha
D:3:      overflow_temple_1_default, first_bread, uniq_crazy_yiuf_cottage

Skill      XL: |  1  2 |
---------------+-------+-----
Unarmed Combat | 1 2 |  2.7
Dodging        | |  2.0
Stealth        | |  2.6
Spellcasting   | |  2.0
Necromancy     | |  4.0

Action                   || total
-------------------------++-------
Melee: Unarmed           ||     5
       Constrict         ||     1
       Tentacles         ||     1
 Fire: Hunting sling     ||    28
 Cast: Pain              ||    20
       Animate Skeleton  ||     6
       Regeneration      ||     3
  Use: Potion            ||     1
 Stab: Sleeping          ||     2
Armor: Skin              ||     2
Dodge: Dodged            ||    12
